 Dungeon Crawl Stone Soup version 0.31-a0-145-g046c7d2549 (webtiles) character file.

Game seed: 17968769726842535226

162 Irreverend the Slasher (level 5, -1/40 HPs)
             Began as a Vampire Gladiator on June 6, 2023.
             Slain by a goblin
             ... wielding a +0 club
              (5 damage)
             ... on level 3 of the Dungeon.
             The game lasted 00:02:37 (2076 turns).

Irreverend the Slasher (Vampire Gladiator)          Turns: 2076, Time: 00:02:37

Health: -1/40      AC:  4    Str: 13    XL:     5   Next: 19%
Magic:  5/5        EV: 13    Int: 12    God:
Gold:   116        SH:  0    Dex: 16    Spells: 4/4 levels left

rFire   . . .        a - +0 long sword
rCold   . . .        (no shield)
rNeg    . . .        b - +0 leather armour
rPois   .            c - +0 helmet
rElec   .            (no cloak)
rCorr   .            (no gloves)
SInv    +            (no boots)
Will    .....        (no amulet)
Stlth   +            (no ring)
HPRegen 0.46/turn    (no ring)
MPRegen 0.09/turn

%: no passive effects
@: healing quickly
A: alive, fangs 3, see invisible, vampiric 2
a: Exsanguinate


You were on level 3 of the Dungeon.
You visited 1 branch of the dungeon, and saw 3 of its levels.

You collected 116 gold pieces.

Inventory:

Hand Weapons
 a - a +0 long sword (weapon)
Missiles
 d - 3 throwing nets (quivered)
 e - 5 javelins
Armour
 b - a +0 leather armour (worn)
 c - a +0 helmet (worn)
Jewellery
 j - a ring of poison resistance
Scrolls
 f - a scroll of enchant weapon {unknown}
 g - a scroll of torment {unknown}
 k - 2 scrolls of fog {unknown}
 n - a scroll of identify {unknown}
 o - a scroll of brand weapon {unknown}
Potions
 h - a potion of mutation {unknown}
 i - a potion of degeneration {unknown}
 l - 3 potions of curing {unknown}
 m - 2 potions of brilliance {unknown}


   Skills:
 + Level 2.8 Fighting
 * Level 4.7 Long Blades
 - Level 1.5 Throwing
 + Level 4.3 Dodging


You had 4 spell levels left.
You didn't know any spells.
Your spell library was empty.

Dungeon Overview and Level Annotations

Branches:
Dungeon (3/15)

Altars:

Portals:
Abyss: D:3

Annotations:
D:3 Ijyb, Robin


Innate Abilities, Weirdness & Mutations

Your natural rate of healing is accelerated.
You have razor-sharp teeth.
You have supernaturally acute eyesight. (SInv)
You are afflicted with vampirism and can become a bat while bloodless.


Message History

Ijyb the Twisted Goblin comes into view.
She is wielding a +0 club and carrying a wand of flame (12).
A hobgoblin comes into view.
Robin of the Strong Arm comes into view.
They are wielding a +0 spear.
Robin shouts!
Ijyb shouts!
Robin roars a battlecry!
The goblins go into a battle-frenzy!
Things that are here:
a +0 club; a goblin corpse You hit the goblin.
You kill the goblin!
The frilled lizard closely misses you.
You closely miss the goblin. The frilled lizard bites you.
The goblin hits you with a +0 club.
You slash the hobgoblin!
You kill the hobgoblin!
The frilled lizard completely misses you.
Ijyb screams, "I cut your head off!"
You closely miss Ijyb. Robin closely misses you.
The frilled lizard closely misses you. The goblin hits you with a +0 club.
The hobgoblin hits you. Ijyb hits you with a +0 club.
You barely miss Ijyb.
Robin hits you from afar with a +0 spear.
The goblin barely misses you. The frilled lizard closely misses you.
The hobgoblin barely misses you.
Ijyb zaps a wand.
The puff of flame hits you!
Robin hits you from afar with a +0 spear.
* * * LOW HITPOINT WARNING * * *
The goblin misses you. Ijyb closely misses you. The frilled lizard bites you.
* * * LOW HITPOINT WARNING * * *
The hobgoblin hits you but does no damage.
You are too injured to fight recklessly!
You are too injured to fight recklessly!
The hobgoblin attacks as you move away! The hobgoblin hits you.
* * * LOW HITPOINT WARNING * * *
The frilled lizard attacks as you move away!
The frilled lizard bites you but does no damage.
The goblin misses you.
Things that are here:
a +0 club; a goblin corpse The goblin attacks as you move away!
The goblin hits you with a +0 club.
You die...

#.# #..#.## #.# #..#.##
#.#####.###..#...
#................ #
#######.##.#####. #.
#.##.# #.##### #.##.#
#.†g$.#####.##.####
#ggg@..............
......l###########.####
....... #.# .......
....... ....... .......
.......


You could see Ijyb (strong), a hobgoblin (strong), 2 goblins and a frilled
lizard.

Vanquished Creatures
  Natasha (thrice) (D:2)
  4 adders (D:2)
  A worm (D:2)
  A dart slug (D:2)
  3 bats
  5 endoplasms
  2 giant cockroaches (D:1)
  7 goblins
  4 hobgoblins
  2 quokkas
  5 ball pythons
  2 frilled lizards
  4 kobolds
  5 rats
48 creatures vanquished.

Notes
Turn   | Place    | Note
-------+----------+-------------------------------------------
     0 | D:1      | Irreverend the Vampire Gladiator began the quest for the
                  | Orb.
     0 | D:1      | Reached XP level 1. HP: 16/16 MP: 1/1
   311 | D:1      | Reached XP level 2. HP: 16/22 MP: 2/2
   826 | D:2      | Noticed Natasha
   835 | D:2      | Killed Natasha
   836 | D:2      | Gained mutation: You are afflicted with vampirism and can
                  | become a bat while bloodless. [Vampire growth]
   836 | D:2      | Reached XP level 3. HP: 4/27 MP: 3/3
  1086 | D:2      | Noticed Natasha
  1092 | D:2      | Killed Natasha
  1093 | D:2      | Reached XP level 4. HP: 28/34 MP: 4/4
  1453 | D:2      | Noticed Natasha
  1469 | D:2      | Killed Natasha
  1645 | D:2      | Reached XP level 5. HP: 28/39 MP: 5/5
  1982 | D:3      | Found a one-way gate to the infinite horrors of the Abyss.
  2067 | D:3      | Noticed Ijyb
  2068 | D:3      | Noticed Robin
  2076 | D:3      | Slain by a goblin

Illustrated notes

Levels and vault maps discovered:
D:1:      dpeg_arrival_morbid_curiosity, layout_loops_ring, nicolae_titane
D:2:      layout_basic, minmay_shallow_snake_nest, uniq_natasha
D:3:      due_chaos_kobolds, layout_loops_ring, good_gods_temple_1,
          chequers_serial_rivers_micro_c, chequers_serial_rivers_small_b,
          kennysheep_small_spiral, nicolae_goblin_pals

Skill      XL: |  1  2  3 |
---------------+----------+-----
Fighting       | 2 |  2.8
Long Blades    | 4 |  4.7
Dodging        | 4 |  4.3
Throwing       | |  1.5

Action                     |  1- 3 |  4- 6 || total
---------------------------+-------+-------++-------
  Melee: Long sword        |    66 |    75 ||   141
         Bite              |     5 |     4 ||     9
         Punch             |     1 |       ||     1
   Stab: Sleeping          |     3 |     1 ||     4
 Armour: Leather armour    |    21 |    25 ||    46
  Dodge: Dodged            |    44 |    56 ||   100

Table legend: (Time is in decaauts)
 A = Elapsed time spent in this place.
 B = Non-inter-level travel time spent in this place.
 C = Inter-level travel time spent in this place.
 D = Time resting spent in this place.
 E = Time spent auto-exploring this place.
 F = Levels seen in this place.
 G = Mean time per level.
                   A        B        C        D        E       F      G
               +--------+--------+--------+--------+--------+-----+--------+
         Total |   2108 |   2031 |     77 |    151 |   1500 |   3 |  702.7 |
       Dungeon |   2108 |   2031 |     77 |    151 |   1500 |   3 |  702.7 |
               +--------+--------+--------+--------+--------+-----+--------+

Top non-repeatable levels by time:
     D:2: 1125 daAuts
     D:1: 805 daAuts
     D:3: 177 daAuts
